 Dungeon Crawl Stone Soup version 0.29-a0-284-gf9362112df (webtiles) character file.

Game seed: 18054026909206842294

2 sokol815 the Skirmisher (level 1, 0/18 HPs)
             Began as a Demonspawn Monk on Mar 25, 2022.
             Slain by a gnoll
             ... wielding a +2 whip of venom
              (9 damage)
             ... on level 1 of the Dungeon.
             The game lasted 00:00:33 (45 turns).

sokol815 the Skirmisher (Demonspawn Monk)             Turns: 45, Time: 00:00:34

Health: 0/18       AC:  3    Str: 11    XL:     1   Next: 33%
Magic:  1/1        EV: 12    Int: 11    God:
Gold:   0          SH:  0    Dex: 15    Spells: 0/0 levels left

rFire   . . .      SeeInvis .   a - +0 hand axe
rCold   . . .      Faith    .   (no shield)
rNeg    . . .      Spirit   .   b - +0 robe
rPois   .          Reflect  .   c - +1 hat
rElec   .          Harm     .   (no cloak)
rCorr   .          Rampage  .   (no gloves)
Will    .....                   (no boots)
Stlth   +.........              (no amulet)
HPRegen 0.06/turn               (no ring)
MPRegen 0.07/turn               (no ring)

@: confused, ambrosia-drunk
A: no striking features
a: no special abilities


You were on level 1 of the Dungeon.
You visited 1 branch of the dungeon, and saw 1 of its levels.

Inventory:

Hand Weapons
 a - a +0 hand axe (weapon)
Armour
 b - a +0 robe (worn)
 c - a +1 hat (worn)
   (You found it on level 1 of the Dungeon)
 d - a +0 ring mail
   (You found it on level 1 of the Dungeon)
 e - a +0 helmet
   (You found it on level 1 of the Dungeon)


   Skills:
 - Level 3.0 Fighting
 + Level 2.9 Axes
 - Level 2.6 Dodging
 - Level 1.7 Stealth


You couldn't memorise any spells.
You didn't know any spells.
Your spell library was empty.

Dungeon Overview and Level Annotations

Branches:
Dungeon (1/15)

Altars:


Message History

Welcome, sokol815 the Demonspawn Monk.
You feel drawn to the Orb of Zot, downwards into the unfathomable depths...
Found an embroidered hat.
Found a staircase leading out of the dungeon.
c - a +1 hat You start putting on your armour.
You continue putting on your +1 hat. x4
You finish putting on your +1 hat.
A ball python comes into view.
A gnoll, a hobgoblin and a rat come into view.
The gnoll is wielding a +2 whip of venom.
The gnoll shouts!
The hobgoblin shouts!
A goblin comes into view. It is wielding a +0 dagger.
Found a scroll labelled VIES FACO, a helmet and 33 stones.
Found a stone staircase leading down.
A bat comes into view.
A rat comes into view.
You see here a +0 ring mail.
d - a +0 ring mail The bat attacks as you move away!
The bat hits you but does no damage.
A quokka comes into view.
The bat closely misses you. The bat closely misses you.
The hobgoblin attacks as you move away! The hobgoblin hits you.
The bat hits you but does no damage. The bat misses you.
You take 1 damage, and have 17/18 hp.
The hobgoblin attacks as you move away! The hobgoblin completely misses you.
The bat misses you.
You see here a +0 helmet.
e - a +0 helmet The hobgoblin hits you.
You take 3 damage, and have 14/18 hp.
Okay, then.
You miss the bat. You barely miss the hobgoblin. The bat misses you.
The hobgoblin hits you.
You take 3 damage, and have 11/18 hp.
You hit the rat but do no damage. You hit the quokka.
You hit the hobgoblin but do no damage. The quokka misses you.
The bat hits you but does no damage. The rat barely misses you.
The hobgoblin barely misses you. The quokka bites you.
You take 3 damage, and have 8/18 hp.
You barely miss the bat. You hit the hobgoblin but do no damage.
You closely miss the quokka. You hit the rat but do no damage.
The bat barely misses you. The quokka bites you.
The rat bites you but does no damage.
The hobgoblin hits you but does no damage.
You take 1 damage, and have 7/18 hp.
You hit the bat.
You kill the bat!
You barely miss the hobgoblin. You hit the quokka.
You kill the quokka!
You hit the rat.
You kill the rat!
The hobgoblin hits you but does no damage.
You hit the gnoll but do no damage. You completely miss the hobgoblin.
The gnoll barely misses you. The hobgoblin barely misses you.
You closely miss the gnoll. You barely miss the hobgoblin.
The gnoll closely misses you. The hobgoblin closely misses you.
The gnoll barely misses you. The hobgoblin hits you.
You take 1 damage, and have 6/18 hp.
Okay, then.
Here: a gnoll, wielding a +2 whip of venom The floor.
Really quaff
G - a potion of ambrosia {!q}?
You are confused.
You feel invigorated. The hobgoblin closely misses you.
The gnoll hits you with a +2 whip of venom.
You're too confused to move!
The hobgoblin closely misses you.
The gnoll hits you with a +2 whip of venom!
Ouch! That really hurt!
You die...

...........#$..#
#......#.?..#
#......#..#
####......#..# #
##............#####.#
##..........#........#
##≈....?.....###...####
#.....?g...............
#....†@gr..#######..###
#≈≈≈≈≈≈≈##### ##.###
######### #.##≈ #.#≈P
#.##. #.... ####. #≈P
##≈


You could see a gnoll, a hobgoblin and a rat.

Vanquished Creatures
  A quokka (D:1)
  A bat (D:1)
  A rat (D:1)
3 creatures vanquished.

Notes
Turn   | Place    | Note
-------+----------+-------------------------------------------
     0 | D:1      | sokol815 the Demonspawn Monk began the quest for the Orb.
     0 | D:1      | Reached XP level 1. HP: 18/18 MP: 1/1
    45 | D:1      | Slain by a gnoll

Illustrated notes

Levels and vault maps discovered:
D:1:      ldierk_walled_garden_2, layout_basic, shapermc_ecumenical_altar_petra,
          chequers_serial_rivers_small_3, minmay_strange_pillars,
          chequers_serial_rivers_micro_e, minmay_split_cup_large

Action                   || total
-------------------------++-------
Melee: Hand axe          ||     6
  Use: Potion            ||     1
Armor: Robe              ||     6
Dodge: Dodged            ||    17

Table legend: (Time is in decaauts)
 A = Elapsed time spent in this place.
 B = Non-inter-level travel time spent in this place.
 C = Inter-level travel time spent in this place.
 D = Time resting spent in this place.
 E = Time spent auto-exploring this place.
 F = Levels seen in this place.
 G = Mean time per level.
                   A        B        C        D        E       F      G
               +--------+--------+--------+--------+--------+-----+--------+
         Total |     46 |     46 |      0 |      0 |     19 |   1 |   46.0 |
       Dungeon |     46 |     46 |      0 |      0 |     19 |   1 |   46.0 |
               +--------+--------+--------+--------+--------+-----+--------+

Top non-repeatable levels by time:
     D:1: 46 daAuts

Table legend:
 A = Kills in this place as a percentage of kills in entire the game.
 B = Kills by you in this place as a percentage of kills by you in the entire game.
 C = Kills by friends in this place as a percentage of kills by friends in the entire game.
 D = Other kills in this place as a percentage of other kills in the entire game.
 E = Experience gained in this place as a percentage of experience gained in the entire game.
 F = Experience gained in this place divided by the number of levels of this place that you have seen.
                   A       B       C       D       E      F
               +-------+-------+-------+-------+-------+----------------------
         Total | 100.0 | 100.0 |   N/A |   N/A | 100.0 |   4.0
       Dungeon | 100.0 | 100.0 |   N/A |   N/A | 100.0 |   4.0
               +-------+-------+-------+-------+-------+----------------------
